 Dungeon Crawl Stone Soup version 0.29-a0-266-gf56f883ddd (webtiles) character file.

Game seed: 2819788594362253156

913 Angani the Bolt Thrower (level 7, -10/61 HPs)
             Began as a Yellow Draconian Hunter on Mar 7, 2022.
             Was an Initiate of Ashenzari.
             Mangled by a yak (13 damage)
             ... on level 5 of the Dungeon.
             The game lasted 00:06:24 (4426 turns).

Angani the Bolt Thrower (Yellow Draconian Hunter)   Turns: 4426, Time: 00:06:24

Health: -10/61     AC:  6    Str: 14    XL:     7   Next: 82%
Magic:  7/7        EV: 13    Int: 12    God:    Ashenzari [......]
Gold:   266        SH:  0    Dex: 13    Spells: 6/6 levels left

rFire   . . .      SeeInvis .   a - +1 hand crossbow of the Unyielding Gaze {Evo, Range} (curse)
rCold   . . .      Faith    .   (no shield)
rNeg    . . .      Spirit   .   (body armour unavailable)
rPois   .          Reflect  .   (helmet restricted)
rElec   .          Harm     .   (no cloak)
rCorr   +          Rampage  .   (no gloves)
Will    .....                   (no boots)
Stlth   +++.......              (no amulet)
HPRegen 0.20/turn               (no ring)
MPRegen 0.10/turn               (no ring)

@: short of breath
A: spit acid, AC +6, unfitting armour, cold-blooded, acid resistance
a: Breathe Acid, Renounce Religion, Curse Item, Shatter the Chains


You were on level 5 of the Dungeon.
You worshipped Ashenzari.
Ashenzari was noncommittal.
You visited 1 branch of the dungeon, and saw 5 of its levels.

You collected 266 gold pieces.

Inventory:

Hand Weapons
 a - the cursed +1 hand crossbow of the Unyielding Gaze (weapon) {Evo, Range}

   It has a curse which improves the following skills: Evocations: Evocations.
   Ranged Combat: Slings, Bows, Crossbows and Throwing.
Scrolls
 b - a scroll of immolation
 k - a scroll of enchant weapon
 n - 2 scrolls of teleportation
 o - a scroll of amnesia
 q - a scroll of fear
Potions
 d - 2 potions of curing
 e - 4 potions of brilliance {unknown}
 g - a potion of berserk rage {unknown}
 h - 2 potions of heal wounds
 l - a potion of experience {unknown}
 m - a potion of haste {unknown}
 r - a potion of invisibility {unknown}


   Skills:
 + Level 5.3 Fighting
 + Level 5.4(5.9) Crossbows
 + Level 4.3 Dodging
 + Level 4.4 Stealth


You had 6 spell levels left.
You didn't know any spells.
Your spell library contained the following spells:

 Spells                   Type           Power      Damage    Failure   Level
 Slow                     Hex            0%         N/A       32%         1
 Sublimation of Blood     Necr           0%         N/A       45%         2
 Wereblood                Tmut           0%         N/A       45%         2
 Confusing Touch          Hex            0%         N/A       69%         3
 Vampiric Draining        Necr           0%         2d6       69%         3
 Summon Hydra             Summ           0%         N/A       100%        7


Dungeon Overview and Level Annotations

Branches:
Dungeon (5/15)
 Temple: D:4-7

Altars:
Ashenzari
Cheibriados
Fedhas

Annotations:
D:5 Sigmund


Innate Abilities, Weirdness & Mutations

You can spit globs of acid.
Your golden yellow scales are hard. (AC +6)
You cannot fit into any form of body armour.
You are cold-blooded and may be slowed by cold attacks.
You are resistant to acid. (rCorr)


Message History

The yak closely misses you.
You shoot a bolt. The bolt hits the yak!
The yak is almost dead.
The yak completely misses you.
You shoot a bolt. The bolt hits the yak.
You kill the yak!
The yak attacks as you move away! The yak closely misses you.
The yak attacks as you move away! The yak gores you.
There is an open door here.
The yak attacks as you move away! The yak gores you!
The yak attacks as you move away! The yak gores you.
You have got your breath back.
Press: ? - help, Shift-Dir - straight line, f - yak
Aim: a yak (78% to hit)
You spit a glob of acid.
The glob of acid hits the yak!
The acid corrodes the yak!
The yak is heavily wounded.
The yak gores you!
* * * LOW HITPOINT WARNING * * *
Unknown command.
Shoot: a) +1 hand crossbow of the Unyielding Gaze {Evo, Range} (curse)
Press: ? - help, Shift-Dir - straight line, f/p - yak
Aim: a yak (heavily wounded, covered in acid, 74% to hit)
You shoot a bolt. The bolt closely misses the yak.
The yak gores you!
* * * LOW HITPOINT WARNING * * *
Unknown command.
Shoot: a) +1 hand crossbow of the Unyielding Gaze {Evo, Range} (curse)
Press: ? - help, Shift-Dir - straight line, f/p - yak
Aim: a yak (heavily wounded, covered in acid, 74% to hit)
You shoot a bolt. The bolt barely misses the yak.
The yak gores you.
* * * LOW HITPOINT WARNING * * *
The yak gores you.
* * * LOW HITPOINT WARNING * * *
Shoot: a) +1 hand crossbow of the Unyielding Gaze {Evo, Range} (curse)
Press: ? - help, Shift-Dir - straight line, f/p - yak
Aim: a yak (heavily wounded, covered in acid, 74% to hit)
You shoot a bolt. The bolt hits the yak.
The yak is heavily wounded.
The yak gores you!
You die...

#........÷#.....
........#.#..Y..
..........#.....
#########.##.Y...)
#.......#.###.....
#.#####.#.# ####.#
#.# #.#.# ### #Y#
#.#.####### #@#
##'#.......# #.#
#..........# #.#
#÷.........# #.#
#.<).......#
#.####.....######
#....'.....#
######.....#
#.....# #######


You could see a yak (corroded).

Vanquished Creatures
  2 yaks (D:5)
  2 phantoms
  A gnoll sergeant (D:3)
  A hound (D:4)
  An orc priest (D:4)
  3 iguanas
  An orc wizard (D:3)
  11 gnolls
  6 adders
  2 worms (D:4)
  3 dart slugs
  15 orcs
  8 ball pythons
  5 bats
  3 endoplasms
  A giant cockroach (D:1)
  5 goblins
  9 hobgoblins
  3 jackals (D:2)
  A quokka (D:4)
  A frilled lizard (D:3)
  6 kobolds
  5 rats
95 creatures vanquished.

Vanquished Creatures (collateral kills)
  A hobgoblin (D:4)
1 creature vanquished.

Vanquished Creatures (others)
  3 plants (D:4)
3 creatures vanquished.

Grand Total: 99 creatures vanquished

Notes
Turn   | Place    | Note
-------+----------+-------------------------------------------
     0 | D:1      | Angani the Draconian Hunter began the quest for the Orb.
     0 | D:1      | Reached XP level 1. HP: 17/17 MP: 1/1
    12 | D:1      | Reached skill level 1 in Stealth
   267 | D:1      | Reached XP level 2. HP: 21/25 MP: 2/2
   381 | D:1      | Found a faded altar of an unknown god.
   389 | D:1      | Prayed at the altar of an unknown god.
   389 | D:1      | Became a worshipper of Ashenzari the Shackled
   640 | D:2      | Reached XP level 3. HP: 30/30 MP: 3/3
  1558 | D:3      | Reached XP level 4. HP: 38/38 MP: 4/4
  1921 | D:3      | Reached XP level 5. HP: 30/45 MP: 5/5
  2736 | D:3      | Reached XP level 6. HP: 52/52 MP: 6/6
  3475 | D:4      | Found a blossoming altar of Fedhas.
  3659 | D:4      | Found a broken altar of Ashenzari.
  3940 | D:4      | Found a snail-covered altar of Cheibriados.
  3997 | D:5      | Entered Level 5 of the Dungeon
  4007 | D:5      | Your scales start taking on a golden yellow colour.
  4007 | D:5      | Reached XP level 7. HP: 40/60 MP: 7/7
  4007 | D:5      | Gained mutation: You are resistant to acid. (rCorr) [Yellow
                  | Draconian growth]
  4008 | D:5      | Reached skill level 5 in Crossbows
  4195 | D:5      | Noticed a yak
  4195 | D:5      | Noticed a yak
  4228 | D:5      | Killed a yak
  4229 | D:5      | Noticed Sigmund
  4237 | D:5      | Reached skill level 5 in Fighting
  4391 | D:5      | Noticed a yak
  4406 | D:5      | Killed a yak
  4425 | D:5      | HP: 2/61 [yak (2)]
  4426 | D:5      | Mangled by a yak

Illustrated notes

Levels and vault maps discovered:
D:1:      minmay_arrival_stone_box, layout_basic,
          hellmonk_ecumenical_altar_prayer_group
D:2:      layout_basic
D:3:      layout_loops_corners, minmay_misc_feat_hallway
D:4:      layout_cave_pools, kennysheep_slug_shrine, general_overflow_altar,
          fedhas_ov_isle_minmay, st_stairs_1
D:5:      nicolae_BIG_FREAKIN_CUBE, layout_basic, lemuel_crystal_altar,
          minmay_temple_entry_butterflies, uniq_ijyb, uniq_sigmund

Skill      XL: |  1  2  3  4  5  6  7 |
---------------+----------------------+-----
Stealth        | 1 2 3 4 |  4.4
Dodging        | 2 3 4 |  4.3
Crossbows      | 4 5 |  5.4
Fighting       | 3 4 5 |  5.3

Action                   |  1- 3 |  4- 6 |  7- 9 || total
-------------------------+-------+-------+-------++-------
 Fire: Hand crossbow     |    99 |   234 |    33 ||   366
Invok: Curse Item        |     1 |       |       ||     1
 Abil: Breathe Acid      |       |       |     7 ||     7
  Use: Potion            |     2 |       |     2 ||     4
       Scroll            |       |    10 |       ||    10
Armor: Skin              |    26 |    42 |     4 ||    72
Dodge: Dodged            |    44 |    83 |    12 ||   139

Table legend: (Time is in decaauts)
 A = Elapsed time spent in this place.
 B = Non-inter-level travel time spent in this place.
 C = Inter-level travel time spent in this place.
 D = Time resting spent in this place.
 E = Time spent auto-exploring this place.
 F = Levels seen in this place.
 G = Mean time per level.
                   A        B        C        D        E       F      G
               +--------+--------+--------+--------+--------+-----+--------+
         Total |   4523 |   4436 |     87 |    934 |   2773 |   5 |  904.6 |
       Dungeon |   4523 |   4436 |     87 |    934 |   2773 |   5 |  904.6 |
               +--------+--------+--------+--------+--------+-----+--------+

Top non-repeatable levels by time:
     D:3: 1474 daAuts
     D:4: 1115 daAuts
     D:2: 889 daAuts
     D:1: 606 daAuts
     D:5: 437 daAuts
